 Dungeon Crawl Stone Soup version 0.23-b1-49-g13d5857 (webtiles) character file.

Game seed: 4968390186459263996

55218 Kairos the Cleaver (level 14, 0/77 HPs)
             Began as a Vine Stalker Fighter on Feb 3, 2019.
             Was a High Priest of Okawaru.
             Killed from afar by a shock serpent (10 damage)
             ... with a bolt of electricity
             ... on level 1 of the Snake Pit.
             The game lasted 00:44:17 (16842 turns).

Kairos the Cleaver (Vine Stalker Fighter)          Turns: 16842, Time: 00:44:18

Health: 0/77       AC: 23    Str: 28    XL:     14   Next: 76%
Magic:  0/16       EV: 14    Int:  8    God:    Okawaru [*****.]
Gold:   1232       SH: 14    Dex: 13    Spells: 13/13 levels left

rFire    + . .     SeeInvis +   x - +2 broad axe
rCold    + . .     Gourm    .   c - +0 shield
rNeg     . . .     Faith    .   G - +3 plate armour {rPois}
rPois    +         Spirit   +   N - +0 hat {SInv}
rElec    .         Reflect  .   O - scarf {rC+ rF+}
rCorr    .         Harm     .   Y - +1 pair of gloves {Str+3}
MR       +....                  I - +0 pair of boots (curse)
Stlth    ..........             z - amulet of magic regeneration
HPRegen  1.02/turn              m - +2 ring of evasion
MPRegen  0.40/turn              D - +3 ring of slaying

@: heroism
A: fangs 3, regeneration 2, magic shield, antimagic bite, no potion heal 3, rot
immunity
a: Heroism, Finesse, Renounce Religion


You were on level 1 of the Snake Pit.
You worshipped Okawaru.
Okawaru was extremely pleased with you.
You were very hungry.

You visited 4 branches of the dungeon, and saw 19 of its levels.

You collected 1232 gold pieces.

Inventory:

Hand Weapons
 a - a +0 war axe
 x - a +2 broad axe (weapon)
 H - a +1 hand crossbow of flaming
 R - a +0 morningstar
Missiles
 B - 84 bolts
 Z - 5 tomahawks of dispersal (quivered)
Armour
 c - a +0 shield (worn)
 y - a +0 plate armour of positive energy
 G - a +3 plate armour of poison resistance (worn)
 I - a cursed +0 pair of boots (worn)
 N - a +0 hat of see invisible (worn)
 O - a scarf of resistance (worn)
 Y - a +1 pair of gloves of strength (worn)
Jewellery
 i - an uncursed ring of positive energy
 m - a +2 ring of evasion (left hand)
 t - an uncursed ring of flight
 u - an uncursed ring of fire
 z - an amulet of magic regeneration (around neck)
 D - a +3 ring of slaying (right hand)
 T - an uncursed ring of protection from fire
Wands
 k - a wand of acid (11)
 A - a wand of scattershot (13)
 J - a wand of clouds (4)
 K - a wand of flame (21)
 L - a wand of paralysis (21)
 Q - a wand of iceblast (19)
 U - a wand of disintegration (9)
Scrolls
 e - 8 scrolls of remove curse
 g - 4 scrolls of magic mapping
 l - a scroll of amnesia
 q - 6 scrolls of fog
 v - 2 scrolls of fear
 w - a scroll of blinking {unknown}
 E - 4 scrolls of teleportation
 W - a scroll of silence
Potions
 d - 2 potions of might
 h - a potion of cancellation {unknown}
 n - 2 potions of brilliance {unknown}
 o - 5 potions of lignification
 p - a potion of ambrosia {unknown}
 r - 2 potions of curing {unknown}
 s - 2 potions of haste
 C - 2 potions of resistance {unknown}
 F - 3 potions of degeneration {unknown}
 P - a potion of flight {unknown}
 S - 3 potions of magic {unknown}
 X - a potion of mutation {unknown}
Miscellaneous
 j - a box of beasts
Comestibles
 f - 39 rations


   Skills:
 + Level 10.6(15.6) Fighting
 + Level 14.8(19.9) Axes
 + Level 3.4(15.5) Maces & Flails
   Level 0.1(7.0) Staves
 + Level 9.3(14.3) Armour
 + Level 2.7(7.7) Dodging
 + Level 1.5(6.5) Stealth
 + Level 9.8(14.8) Shields
 + Level 2.6 Invocations
 + Level 2.2 Evocations


You had 13 spell levels left.
You didn't know any spells.
Your spell library contained the following spells:

 Spells                   Type           Power        Failure   Level  Hunger
 Animate Skeleton         Necr           N/A          95%         1    ##.....
 Apportation              Tloc           #.....       95%         1    ##.....
 Confusing Touch          Hex            #.....       95%         1    ##.....
 Magic Dart               Conj           #...         95%         1    ##.....
 Summon Small Mammal      Summ           #...         95%         1    ##.....
 Blink                    Tloc           N/A          99%         2    ###....
 Call Imp                 Summ           #.......     99%         2    ###....
 Searing Ray              Conj           #.....       99%         2    ###....
 Slow                     Hex            #.......     99%         2    ###....
 Call Canine Familiar     Summ           #.......     100%        3    ####...
 Conjure Flame            Conj/Fire      #.......     100%        3    ####...
 Dazzling Spray           Conj/Hex       #.....       100%        3    ####...
 Mephitic Cloud           Conj/Pois/Air  #.......     100%        3    ####...
 Summon Guardian Golem    Hex/Summ       #.......     100%        3    ####...
 Force Lance              Conj/Tloc      #.......     100%        4    #####..
 Fulminant Prism          Conj/Hex       #.........   100%        4    #####..
 Iskenderun's Mystic Bla  Conj           #.......     100%        4    #####..
 Summon Ice Beast         Ice/Summ       #.......     100%        4    #####..
 Summon Lightning Spire   Summ/Air       #.......     100%        4    #####..
 Summon Demon             Summ           #.........   100%        5    ######.
 Freezing Cloud           Conj/Ice/Air   #.........   100%        6    #######
 Iron Shot                Conj/Erth      #.........   100%        6    #######


Dungeon Overview and Level Annotations

Branches:
Dungeon (11/15)            Temple (1/1) D:7            Lair (6/6) D:11
 Shoals (0/4) Lair:2        Snake (1/4) Lair:2        Slime (0/5) Lair:6
    Orc: D:9-12

Altars:
Ashenzari
Cheibriados
Dithmenos
Elyvilon
Fedhas
Gozag
Hepliaklqana
Kikubaaqudgha
Makhleb
Nemelex Xobeh
Okawaru
Qazlal
Ru
Sif Muna
Trog
Uskayaw
Vehumet
Wu Jian
Xom
Yredelemnul
Zin
The Shining One
Beogh
Jiyva

Shops:
D:5 [   D:9 *   D:11 (

Portals:
Hell: Lair:6

Annotations:
Lair:6 1 runed translucent door


Innate Abilities, Weirdness & Mutations

You have razor-sharp teeth.
You heal very quickly.
When hurt, damage is shared between your health and your magic reserves.
Your bite disrupts and absorbs the magic of your enemies.
Potions cannot restore your health.
You are immune to rotting.


Message History

You are too injured to fight recklessly!
You hit the shock serpent. You bite the shock serpent. You drain its power.
You feel invigorated.
The shock serpent is moderately wounded.
You block the shock serpent's attack.
You slash the shock serpent! Your bite misses the shock serpent.
The shock serpent is heavily wounded.
The shock serpent's electric aura discharges, shocking you!
* * * LOW HITPOINT WARNING * * *
You block the shock serpent's attack.
The shock serpent shoots out a bolt of lightning at you!
The bolt of electricity hits you!
* * * LOW HITPOINT WARNING * * *
You gain the combat prowess of a mighty hero.
You block the shock serpent's attack.
You hit the shock serpent. Your bite misses the shock serpent.
The shock serpent is heavily wounded.
The shock serpent shoots out a bolt of lightning at you!
The bolt of electricity hits you!
You die...

##.... ###..... #.......
###### #.....>. #....#
#.#####....
#....######.....#....
#....#....#.....#....
#.........# ....###..
#...@##...##......###
.......S.#....##.......#
##.#....###......## # #
##...#.....##).#####.
#####.#..##...#.....
...#.......#..... ...
#..#.......... ##.
#..##...#..... ###
##.##.....


You could see a shock serpent.

Vanquished Creatures
  Gastronok (D:11)
  A dire elephant (Lair:6)
  Josephine (D:10)
  Fannar (D:10)
  A catoblepas (Lair:6)
  A hell beast (Lair:6)
  2 anacondas (Snake:1)
  6 hydras
  2 death yaks (Lair:5)
  3 two-headed ogres
  2 naga sharpshooters (Snake:1)
  A wizard (Lair:6)
  A naga ritualist (Snake:1)
  2 mana vipers (Snake:1)
  An ugly thing (D:11)
  A salamander (Snake:1)
  A cyclops (D:11)
  2 orange demons (Lair:6)
  Maurice (D:10)
  2 torpor snails
  3 black mambas (Snake:1)
  A naga mage (Snake:1)
  12 spiny frogs
  3 gargoyles
  6 komodo dragons
  3 rime drakes
  3 ice devils (Lair:6)
  A hellwing (Lair:6)
  A red devil (Lair:6)
  A polar bear (Lair:6)
  5 hornets
  34 blink frogs
  9 hippogriffs
  4 wraiths (D:10)
  Sigmund (D:5)
  6 spriggans (Lair:6)
  A wyvern (Lair:2)
  A basilisk (Lair:6)
  24 yaks
  2 hungry ghosts (D:10)
  3 nagas
  10 water moccasins
  3 hell hounds (Lair:6)
  Duvessa (D:4)
  17 porcupines
  7 orc warriors
  6 ice beasts
  3 sky beasts
  3 black bears
  4 phantoms
  18 wolves
  4 ogres
  4 centaurs
  13 crocodiles
  A big kobold (D:8)
  19 bullfrogs
  4 scorpions
  4 killer bees (D:10)
  A wyvern skeleton (D:7)
  Dowan (D:4)
  3 wights (D:10)
  8 howler monkeys
  A crimson imp (D:6)
  A bullfrog zombie (D:11)
  5 hounds
  2 orc priests (D:9)
  3 jellies
  2 bullfrog skeletons
  2 centaur skeletons (D:10)
  4 orc wizards
  An iguana (D:5)
  8 worker ants
  2 hound skeletons
  6 gnolls
  9 adders
  A howler monkey skeleton (D:5)
  A shadow imp (D:6)
  2 worms
  2 adder skeletons
  A dart slug (D:1)
  8 leopard geckos
  35 orcs
  2 ball pythons
  4 giant cockroaches
  6 goblins
  5 hobgoblins
  11 jackals
  6 quokkas
  7 bats
  6 frilled lizards
  10 kobolds
  A leopard gecko zombie (D:5)
  A quokka skeleton (D:6)
  2 rats (D:1)
  3 fungi
  2 plants
453 creatures vanquished.

Vanquished Creatures (others)
  An adder skeleton (D:6)
  19 fungi
  6 plants
26 creatures vanquished.

Grand Total: 479 creatures vanquished

Notes
Turn   | Place    | Note
-------+----------+-------------------------------------------
     0 | D:1      | Kairos the Vine Stalker Fighter began the quest for the
                  | Orb.
     0 | D:1      | Reached XP level 1. HP: 11/11 MP: 2/2
    19 | D:1      | Reached XP level 2. HP: 16/16 MP: 3/3
   217 | D:1      | Reached skill level 2 in Axes
   245 | D:1      | Reached XP level 3. HP: 9/20 MP: 2/4
   482 | D:1      | HP: 1/20 [poisoned by a goblin]
  2377 | D:2      | Gained mutation: Your natural rate of healing is unusually
                  | fast. [Vine Stalker growth]
  2377 | D:2      | Reached XP level 4. HP: 6/24 MP: 2/5
  2862 | D:3      | Reached XP level 5. HP: 28/28 MP: 6/6
  2865 | D:3      | Found an ornate altar of the Wu Jian Council.
  2930 | D:4      | Noticed Dowan
  2931 | D:4      | Noticed Duvessa
  2966 | D:4      | Noticed an ogre
  2969 | D:4      | Noticed a phantom
  2982 | D:3      | Killed an ogre
  2982 | D:3      | Reached skill level 3 in Axes
  2982 | D:3      | Reached XP level 6. HP: 3/32 MP: 2/7
  3454 | D:3      | Killed a phantom
  3454 | D:3      | Reached skill level 1 in Dodging
  3636 | D:4      | Killed Dowan
  3636 | D:4      | Reached XP level 7. HP: 32/37 MP: 8/8
  3764 | D:4      | Killed Duvessa
  4031 | D:4      | Reached skill level 4 in Axes
  4040 | D:4      | Found a glowing golden altar of the Shining One.
  4157 | D:5      | Entered Level 5 of the Dungeon
  4382 | D:5      | Noticed Sigmund
  4392 | D:5      | Killed Sigmund
  4392 | D:5      | Gained mutation: You have razor-sharp teeth. [Vine Stalker
                  | growth]
  4392 | D:5      | Reached XP level 8. HP: 42/42 MP: 9/9
  4459 | D:5      | Found Lecio's Antique Armour Emporium.
  4801 | D:6      | Reached skill level 5 in Axes
  4924 | D:6      | Reached skill level 1 in Stealth
  4948 | D:6      | Reached skill level 6 in Axes
  5578 | D:6      | Reached skill level 5 in Armour
  5652 | D:6      | Reached skill level 5 in Fighting
  5652 | D:6      | Reached XP level 9. HP: 47/47 MP: 10/10
  6043 | D:6      | Reached skill level 5 in Shields
  6272 | D:7      | Found a staircase to the Ecumenical Temple.
  6287 | Temple   | Entered the Ecumenical Temple
  6387 | Temple   | Became a worshipper of Warmaster Okawaru
  6465 | D:7      | Reached skill level 7 in Axes
  6855 | D:8      | Reached * piety under Okawaru
  7426 | D:9      | Noticed a hornet
  7426 | D:9      | Noticed a hornet
  7437 | D:9      | Killed a hornet
  7437 | D:9      | Reached skill level 8 in Axes
  7438 | D:9      | Noticed a hornet
  7446 | D:9      | Killed a hornet
  7446 | D:9      | Reached XP level 10. HP: 43/53 MP: 9/11
  7456 | D:9      | Reached ** piety under Okawaru
  8000 | D:9      | Found a roughly hewn altar of Beogh.
  8163 | D:9      | Reached skill level 9 in Axes
  8192 | D:9      | Found Kuocih's Assorted Antiques.
  8308 | D:10     | Entered Level 10 of the Dungeon
  8322 | D:10     | Noticed a two-headed ogre
  8330 | D:10     | Killed a two-headed ogre
  8330 | D:10     | Reached *** piety under Okawaru
  8422 | D:10     | Noticed Fannar
  8447 | D:10     | Reached skill level 10 in Axes
  8447 | D:10     | Reached skill level 1 in Evocations
  8512 | D:10     | Noticed a two-headed ogre
  8538 | D:10     | Killed Fannar
  8538 | D:10     | Reached **** piety under Okawaru
  8538 | D:10     | Reached XP level 11. HP: 51/58 MP: 10/12
  8543 | D:10     | Killed a two-headed ogre
  8737 | D:10     | Found an iron altar of Okawaru.
  8970 | D:10     | Reached ***** piety under Okawaru
  9002 | D:10     | Noticed Josephine
  9010 | D:10     | Killed Josephine
  9305 | D:10     | Noticed Maurice
  9315 | D:10     | Killed Maurice
  9315 | D:10     | Reached skill level 11 in Axes
  9436 | D:11     | Found a staircase to the Lair.
  9436 | D:11     | Noticed a cyclops
  9465 | D:11     | Found Tofiff's Antique Weapon Boutique.
  9499 | D:11     | Noticed a two-headed ogre
  9512 | D:11     | Killed a two-headed ogre
  9605 | D:11     | Noticed Gastronok
  9617 | D:11     | Killed Gastronok
  9617 | D:11     | Received a gift from Okawaru
  9617 | D:11     | Gained mutation: You heal very quickly. [Vine Stalker
                  | growth]
  9617 | D:11     | Reached XP level 12. HP: 14/64 MP: 8/13
  9674 | D:11     | Reached skill level 12 in Axes
  9857 | D:11     | Reached skill level 1 in Invocations
 10350 | Lair:1   | Entered Level 1 of the Lair of Beasts
 11300 | Lair:2   | Found a staircase to the Snake Pit.
 11313 | Lair:2   | Received a gift from Okawaru
 11357 | Lair:2   | Noticed an eight-headed hydra
 11600 | Lair:2   | Found a staircase to the Shoals.
 11616 | Lair:2   | Identified the Catalogue of Distant Worlds
 12480 | Lair:2   | Killed a nine-headed hydra
 12853 | Lair:3   | Reached XP level 13. HP: 68/70 MP: 13/15
 12958 | Lair:3   | Reached skill level 13 in Axes
 12965 | Lair:3   | Received a gift from Okawaru
 13204 | Lair:3   | Received a gift from Okawaru
 14474 | Lair:5   | Reached skill level 1 in Maces & Flails
 14690 | Lair:5   | Reached skill level 14 in Axes
 14830 | Lair:5   | Received a gift from Okawaru
 14830 | Lair:5   | Reached skill level 10 in Fighting
 14834 | Lair:5   | Got a smoking ring mail {god gift}
 14845 | Lair:5   | Identified the +1 ring mail "Muitorgh" {Regen+ Int+7}
                  | (Okawaru gifted it to you on level 5 of the Lair of Beasts)
 15285 | Lair:6   | Entered Level 6 of the Lair of Beasts
 15289 | Lair:6   | Reached XP level 14. HP: 77/77 MP: 16/16
 15818 | Lair:6   | Noticed a dire elephant
 15832 | Lair:6   | Killed a dire elephant
 15885 | Lair:6   | Found a burning altar of Makhleb.
 16137 | Lair:6   | Found a runed translucent door.
 16137 | Lair:6   | Found a viscous altar of Jiyva.
 16142 | Lair:6   | Found a staircase to the Slime Pits.
 16142 | Lair:6   | Noticed an azure jelly
 16311 | Lair:6   | Found a gateway to Hell.
 16517 | Snake:1  | Entered Level 1 of the Snake Pit
 16593 | Snake:1  | Received a gift from Okawaru
 16842 | Snake:1  | Killed from afar by a shock serpent

Skill      XL: |  1  2  3  4  5  6  7  8  9 10 11 12 13 14 |
---------------+-------------------------------------------+-----
Fighting       | 3 4 5 6 8 10 | 10.6
Axes           | 2 3 4 6 8 10 11 12 14 | 14.8
Shields        | 3 4 5 6 7 8 9 |  9.8
Armour         | 3 4 5 6 7 8 9 |  9.3
Dodging        | 1 2 |  2.7
Stealth        | 1 |  1.5
Evocations     | 1 2 |  2.2
Invocations    | 1 2 |  2.6
Maces & Flails | 1 3 |  3.4
Staves         | |  0.1

Action                   |  1- 3 |  4- 6 |  7- 9 | 10-12 | 13-15 || total
-------------------------+-------+-------+-------+-------+-------++-------
Melee: War axe           |    96 |   107 |   321 |    76 |       ||   600
       Bite              |    27 |    28 |    98 |   154 |   191 ||   498
       Lajatang          |    16 |       |       |       |       ||    16
       Broad axe         |       |       |       |   398 |   433 ||   831
       Morningstar       |       |       |       |     5 |    44 ||    49
       Executioner's axe |       |       |       |       |     8 ||     8
Invok: Heroism           |       |       |       |    18 |    20 ||    38
Evoke: Wand              |       |       |     3 |    11 |     3 ||    17
  Use: Scroll            |     1 |     4 |       |    13 |     4 ||    22
       Potion            |       |     1 |     1 |     2 |       ||     4
  Eat: Chunk             |     3 |     2 |    13 |    20 |    13 ||    51
       Ration            |       |     1 |       |       |       ||     1
Armor: Scale mail        |    80 |    40 |    25 |       |       ||   145
       Chain mail        |       |       |    44 |       |       ||    44
       Plate armour      |       |       |    93 |   226 |   215 ||   534
       Skin              |       |       |    12 |     8 |       ||    20
Dodge: Dodged            |    49 |    28 |    73 |   115 |   138 ||   403
Block: Shield            |    49 |    55 |   159 |   267 |   319 ||   849
